 Dungeon Crawl Stone Soup version 0.31-a0-609-g7bf6ffcfed (webtiles) character file.

Game seed: 15933708746487371236

91 thirtiethelement the Trooper (level 4, -2/37 HPs)
             Began as a Demonspawn Cinder Acolyte on Aug 21, 2023.
             Was a High Priest of Ignis.
             Slain by Natasha (4 damage)
             ... on level 2 of the Dungeon.
             The game lasted 00:03:30 (1840 turns).

thirtiethelement the Trooper (DsCA)                 Turns: 1840, Time: 00:03:31

Health: -2/37      AC: 10    Str: 15    XL:     4   Next: 34%
Magic:  1/6        EV: 11    Int: 17    God:    Ignis [*****.]
Gold:   7          SH:  0    Dex:  8    Spells: 3/5 levels left

rFire   + . .        a - -1 hand axe (flame)
rCold   . . .        (no shield)
rNeg    . . .        b - +0 robe
rPois   .            (helmet restricted)
rElec   .            (no cloak)
rCorr   +            (no gloves)
SInv    .            m - +0 pair of boots
Will    .....        (no amulet)
Stlth   +            j - ring of resist corrosion
HPRegen 0.26/turn    (no ring)
MPRegen 0.10/turn

%: no passive effects
@: fiery-armoured
A: antennae 1, demonic touch 1
a: Renounce Religion, Fiery Armour, Foxfire Swarm, Rising Flame


You were on level 2 of the Dungeon.
You worshipped Ignis.
Ignis was extremely pleased with you.
You visited 1 branch of the dungeon, and saw 2 of its levels.

You collected 57 gold pieces.
You spent 50 gold pieces at shops.

Inventory:

Hand Weapons
 a - a -1 hand axe of flaming (weapon)
Armour
 b - a +0 robe (worn)
 m - a +0 pair of boots (worn)
Jewellery
 j - a ring of resist corrosion (left hand)
Talismans
 o - a maw talisman
Scrolls
 c - a scroll of butterflies {unknown}
 e - 3 scrolls of fear {unknown}
 g - 3 scrolls of identify {unknown}
 h - 2 scrolls of immolation {unknown}
 n - a scroll of teleportation {unknown}
Potions
 d - 3 potions of lignification {unknown}
 f - 2 potions of might {unknown}
 i - 3 potions of resistance {unknown}
 k - 2 potions of curing
 p - a potion of berserk rage {unknown}


   Skills:
 + Level 3.7 Fighting
 + Level 3.4 Axes
 + Level 0.6 Dodging
 + Level 0.1 Stealth
 + Level 1.4 Spellcasting
 + Level 3.2 Fire Magic


You had 3 spell levels left.
You knew the following spells:

 Your Spells              Type           Power      Damage    Failure   Level
a - Scorch                Fire           24%        2d6       9%          2

Your spell library contained the following spells:

 Spells                   Type           Power      Damage    Failure   Level
 Volatile Blastmotes      Fire/Tloc      12%        2d11      32%         3
 Dazzling Flash           Conj/Hex       2%         N/A       52%         3
 Starburst                Conj/Fire      3%         6d3       100%        6
 Maxwell's Capacitive Co  Air            0%         ∞         100%        8


Dungeon Overview and Level Annotations

Branches:
Dungeon (2/15)

Altars:

Shops:
D:2 !

Annotations:
D:2 Natasha


Innate Abilities, Weirdness & Mutations

You have a pair of small antennae on your head.
Your touch may inflict minor irresistible damage on your foes.


Message History

Confirm with . or Enter, or press ? or * to list all spells.
Flames lash Natasha.
Natasha is heavily wounded.
Natasha's fire resistance burns away.
Natasha closely misses you.
Casting: Scorch (safe; 9% risk of failure)
Confirm with . or Enter, or press ? or * to list all spells.
Flames lash Natasha.
Natasha is burned terribly!
Natasha is severely wounded.
Natasha claws you.
You closely miss Natasha.
Natasha is severely wounded.
Natasha claws you.
You barely miss Natasha. Your touch misses Natasha.
Natasha is severely wounded.
Natasha barely misses you.
You barely miss Natasha. Your touch misses Natasha.
Natasha is severely wounded.
Natasha extends her claws.
Natasha casts a spell at you. You resist with some effort.
You hit Natasha but do no damage.
Natasha is severely wounded.
Natasha stares at you and mumbles some strange words.
The magic dart hits you!
* * * LOW HITPOINT WARNING * * *
Natasha stares at you and mumbles some strange words.
The magic dart hits you!
* * * LOW HITPOINT WARNING * * *
Your magical contamination has completely faded away.
A protective cloak of flame settles atop you.
Natasha closely misses you.
You closely miss Natasha.
Natasha is severely wounded.
Natasha casts a spell.
You closely miss Natasha. Your touch misses Natasha.
Natasha is severely wounded.
Natasha is no longer more vulnerable to fire.
Natasha claws you.
You die...
Natasha curls up and begins to purr.

.# ####.....# #.........#
.### #.....# #...(.....# ...#
#.....# ##.........# ##.#
####### #..........# #.###
###..........# #...#####
######............#
###.....###.................#
#####...#.....h.5.#########
###......@....# ##..........#
#..........# ##.........#
#.........# #...>.....+
#.........# #.........# #
#.........# #


You could see Natasha and a cerulean imp (summoned).

Vanquished Creatures
  Natasha (twice) (D:2)
  An adder (D:2)
  A worm (D:2)
  A dart slug (D:1)
  2 endoplasms (D:2)
  3 goblins
  6 hobgoblins
  A kobold (D:2)
  A quokka (D:2)
  3 ball pythons (D:1)
  2 bats (D:1)
  6 rats
29 creatures vanquished.

Notes
Turn   | Place    | Note
-------+----------+-------------------------------------------
     0 | D:1      | thirtiethelement the Demonspawn Cinder Acolyte began the
                  | quest for the Orb.
     0 | D:1      | Reached XP level 1. HP: 18/18 MP: 2/2
   389 | D:1      | Discovered your monstrous ancestry.
   389 | D:1      | Gained mutation: You have a pair of small antennae on your
                  | head. [demonic ancestry]
   389 | D:1      | Reached XP level 2. HP: 14/24 MP: 3/3
   409 | D:1      | Learned a level 2 spell: Scorch
  1274 | D:2      | Reached XP level 3. HP: 29/29 MP: 1/4
  1370 | D:2      | Found Fuymic's Distillery.
  1379 | D:2      | Bought 2 potions of degeneration for 20 gold pieces
  1379 | D:2      | Bought a potion of curing for 30 gold pieces
  1441 | D:2      | Noticed Natasha
  1459 | D:2      | Killed Natasha
  1739 | D:2      | Noticed Natasha
  1756 | D:2      | Killed Natasha
  1757 | D:2      | Gained mutation: Your touch may inflict minor irresistible
                  | damage on your foes. [demonic ancestry]
  1757 | D:2      | Reached XP level 4. HP: 16/37 MP: 0/6
  1826 | D:2      | Noticed Natasha
  1837 | D:2      | HP: 1/37 [Natasha/magic dart (8)]
  1840 | D:2      | Slain by Natasha

Illustrated notes

Levels and vault maps discovered:
D:1:      dpeg_arrival_arbitrary_b, layout_loops_ring, nicolae_titane
D:2:      layout_basic, serial_shops, nicolae_shop_industrial_runoff,
          uniq_natasha

Skill      XL: |  1  2 |
---------------+-------+-----
Axes           | 3 |  3.4
Fire Magic     | 3 |  3.2
Fighting       | |  3.7
Dodging        | |  0.6
Stealth        | |  0.1
Spellcasting   | |  1.4

Action                     |  1- 3 |  4- 6 || total
---------------------------+-------+-------++-------
  Melee: Hand axe          |   102 |     6 ||   108
         Punch             |     1 |       ||     1
  Throw: Throwing net      |     1 |     1 ||     2
   Cast: Scorch            |    14 |     2 ||    16
 Invoke: Fiery Armour      |     1 |     1 ||     2
 Armour: Robe              |    20 |       ||    20
  Dodge: Dodged            |    64 |     3 ||    67

Table legend: (Time is in decaauts)
 A = Elapsed time spent in this place.
 B = Non-inter-level travel time spent in this place.
 C = Inter-level travel time spent in this place.
 D = Time resting spent in this place.
 E = Time spent auto-exploring this place.
 F = Levels seen in this place.
 G = Mean time per level.
                   A        B        C        D        E       F      G
               +--------+--------+--------+--------+--------+-----+--------+
         Total |   1861 |   1810 |     51 |      0 |   1535 |   2 |  930.5 |
       Dungeon |   1861 |   1810 |     51 |      0 |   1535 |   2 |  930.5 |
               +--------+--------+--------+--------+--------+-----+--------+

Top non-repeatable levels by time:
     D:1: 992 daAuts
     D:2: 869 daAuts
